 Dungeon Crawl Stone Soup version 0.24-a0-441-g27f0392e16 (console) character file.

Game seed: 18332284285093917799

11641 Voker57 the Fighter (level 11, -5/86 HPs)
             Began as a Demonspawn Monk on June 19, 2019.
             Was a Priest of Hepliaklqana.
             Slain by a swamp worm (15 damage)
             ... on level 2 of the Lair of Beasts.
             The game lasted 00:15:24 (13170 turns).

Voker57 the Fighter (Demonspawn Monk)              Turns: 13170, Time: 00:15:25

Health: -5/86      AC: 10    Str: 11    XL:     11   Next: 52%
Magic:  16/16      EV: 22    Int: 10    God:    Hepliaklqana [***...]
Gold:   703        SH:  0    Dex: 19    Spells: 10/10 levels left

rFire    . . .     SeeInvis .   i - +2 rapier (drain)
rCold    + . .     Gourm    .   (no shield)
rNeg     . . .     Faith    .   b - +1 robe
rPois    .         Spirit   .   (helmet restricted)
rElec    .         Reflect  .   (no cloak)
rCorr    .         Harm     .   l - +2 pair of gloves
MR       .....                  (no boots)
Stlth    ++++......             (no amulet)
HPRegen  0.24/turn              (no ring)
MPRegen  0.15/turn              (no ring)

@: no status effects
A: reduced essence, antennae 2, iridescent scales 2, cold resistance 1, dopey 1,
mutation resistance 1, nightstalker 2, freezing cloud immunity
a: Recall Ancestor, Ancestor Identity, Transference, Renounce Religion


You were on level 2 of the Lair of Beasts.
You worshipped Hepliaklqana.
Hepliaklqana was most pleased with you.
You were not hungry.

You visited 3 branches of the dungeon, and saw 11 of its levels.

You collected 703 gold pieces.

Inventory:

Hand Weapons
 a - a +0 mace
 i - a +2 rapier of draining (weapon)
 n - a -3 trident
 x - a +1 hand axe of chopping
Missiles
 r - 6 curare-tipped darts (quivered)
Armour
 b - a +1 robe (worn)
 l - a +2 pair of gloves (worn)
Jewellery
 p - an uncursed amulet of harm
 t - a cursed amulet of inaccuracy {unknown}
 u - an uncursed ring of poison resistance {unknown}
 v - an uncursed amulet of magic regeneration {unknown}
Wands
 s - a wand of flame (16)
Scrolls
 d - 5 scrolls of enchant armour
 e - 2 scrolls of enchant weapon {unknown}
 f - 9 scrolls of identify
 h - 4 scrolls of teleportation
 m - a scroll of amnesia
 o - 2 scrolls of blinking
 w - 4 scrolls of remove curse
 y - a scroll of fog {unknown}
Potions
 j - a potion of cancellation
 q - a potion of haste
 z - 2 potions of curing
Comestibles
 c - 18 rations


   Skills:
 + Level 12.6 Fighting
 - Level 2.6 Maces & Flails
 + Level 11.6 Dodging
 - Level 1.7 Stealth
 + Level 6.8 Invocations


You had 10 spell levels left.
You didn't know any spells.
Your spell library contained the following spells:

 Spells                   Type           Power        Failure   Level  Hunger
 Summon Small Mammal      Summ           #...         36%         1    ##.....
 Call Imp                 Summ           #.......     50%         2    ###....
 Call Canine Familiar     Summ           #.......     75%         3    ####...
 Summon Guardian Golem    Hex/Summ       #.......     75%         3    ####...
 Summon Ice Beast         Ice/Summ       #.......     98%         4    #####..
 Summon Lightning Spire   Summ/Air       #.......     98%         4    #####..


Dungeon Overview and Level Annotations

Branches:
Dungeon (8/15)             Temple (1/1) D:4            Lair (2/6) D:8
  Swamp (0/4) Lair:2
  Snake: Lair:2-4    Spider: Lair:2-4

Altars:
Ashenzari
Cheibriados
Dithmenos
Elyvilon
Fedhas
Gozag
Hepliaklqana
Kikubaaqudgha
Makhleb
Nemelex Xobeh
Okawaru
Qazlal
Ru
Sif Muna
Trog
Uskayaw
Vehumet
Wu Jian
Xom
Yredelemnul
Zin
The Shining One

Annotations:
D:6 3 runed translucent doors, aaksess's ghost, novice BaIE; ivs's ghost, novice DEWz
Lair:2 Sonja


Innate Abilities, Weirdness & Mutations

You have a pair of antennae on your head.
You are mostly covered in iridescent scales. (AC +4)
Your flesh is cold resistant. (rC+)
You are significantly more attuned to the shadows.
You are immune to freezing clouds.
Your life essence is reduced to manifest your ancestor. (-10% HP)
You are dopey. (Int -2)
You are somewhat resistant to further mutation.


Message History

You kill the swamp worm!
The swamp worm completely misses you. The swamp worm bites you.
The swamp worm completely misses you. The swamp worm bites you!
* * * LOW HITPOINT WARNING * * *
You hit the swamp worm. You drain the swamp worm.
The swamp worm is moderately wounded.
The swamp worm closely misses you. The swamp worm barely misses you.
You puncture the swamp worm! You drain the swamp worm.
The swamp worm is severely wounded.
The swamp worm bites you.
* * * LOW HITPOINT WARNING * * *
You barely miss the swamp worm.
The swamp worm is severely wounded.
The swamp worm bites you!
* * * LOW HITPOINT WARNING * * *
You barely miss the swamp worm.
The swamp worm is severely wounded.
The swamp worm bites you!
You die...

#<####...............P#
#.##......#..P##......#
#........#.#####......#
#........### #.....##
#...###..## #.....##
#..+.....P# #......#
#........P# ##......#
#.....#..######P.....##
#..♣♣♣♣♣.###..##.....##
#.♣♣§§§♣♣....@.÷......# ♣
#.♣§§§§≈♣....w.......## ♣♣
#.♣§§§≈§.............#
.♣♣#.♣≈≈≈§§♣.............#
..♣#.♣♣≈≈♣♣♣#.#########.##
♣.♣#..♣♣♣♣♣#### #.#
♣..........# ♣♣♣#<......#
#.......## #......†.#


You could see a swamp worm.

Vanquished Creatures
  Harold (Lair:2)
  A spiny frog (Lair:2)
  A komodo dragon (D:8)
  A hippogriff (Lair:1)
  3 spriggans (Lair:2)
  3 yaks (Lair:2)
  A swamp worm (Lair:2)
  3 water moccasins
  A porcupine (Lair:2)
  A sky beast (D:8)
  An orc warrior (D:6)
  An ogre (D:4)
  A hornet zombie (D:6)
  6 wolves (Lair:2)
  2 centaurs (D:7)
  A big kobold (D:7)
  2 crocodiles (Lair:2)
  5 bullfrogs
  A gnoll sergeant (D:6)
  2 scorpions (D:4)
  2 killer bees (D:8)
  3 wights (D:6)
  2 howler monkeys
  A bullfrog zombie (D:8)
  An orc priest (D:3)
  A gnoll shaman (D:4)
  A hound (D:6)
  4 orc wizards
  An iguana (D:5)
  3 worker ants
  8 adders
  An ooze (D:1)
  2 adder skeletons
  3 dart slugs
  2 leopard geckos
  21 orcs
  2 giant cockroaches
  6 goblins
  6 hobgoblins
  9 jackals
  8 kobolds
  3 quokkas
  2 ball pythons
  5 bats
  9 frilled lizards
  A jackal zombie (D:4)
  A leopard gecko zombie (D:5)
  A quokka skeleton (D:6)
  4 rats
151 creatures vanquished.

Vanquished Creatures (collateral kills)
  A two-headed ogre (D:8)
  A black mamba (Lair:2)
  3 spiny frogs (Lair:1)
  3 komodo dragons (Lair:2)
  2 tyrant leeches (Lair:2)
  A hippogriff (D:7)
  Prince Ribbit (D:8)
  2 spriggans (Lair:2)
  3 yaks (Lair:2)
  Eustachio (D:6)
  3 porcupines (Lair:2)
  An ice beast (D:7)
  A sky beast (D:5)
  2 phantoms
  7 wolves (Lair:2)
  2 ogres
  A centaur (D:6)
  A bullfrog (Lair:2)
  2 scorpions (D:7)
  3 killer bees (D:8)
  2 crimson imps
  A centaur zombie (D:5)
  An orc priest (D:6)
  Ijyb (D:5)
  2 orc wizards
  A hound skeleton (D:7)
  A howler monkey zombie (D:5)
  3 gnolls (D:4)
  An adder (D:5)
  An adder zombie (D:7)
  3 orcs (D:6)
  A giant cockroach (D:6)
  2 jackals (D:8)
  A plant (D:8)
62 creatures vanquished.

Vanquished Creatures (others)
  11 battlemagi
  12 fungi (Lair:2)
  5 plants
  2 withered plants (D:6)
30 creatures vanquished.

Grand Total: 243 creatures vanquished

Notes
Turn   | Place    | Note
-------+----------+-------------------------------------------
     0 | D:1      | Voker57 the Demonspawn Monk began the quest for the Orb.
     0 | D:1      | Reached XP level 1. HP: 18/18 MP: 1/1
   120 | D:1      | Gained mutation: You are slightly more attuned to the
                  | shadows. [demonic ancestry]
   120 | D:1      | Reached XP level 2. HP: 12/24 MP: 2/2
  1262 | D:2      | Gained mutation: You have a pair of small antennae on your
                  | head. [demonic ancestry]
  1262 | D:2      | Reached XP level 3. HP: 22/29 MP: 3/3
  2252 | D:3      | Reached skill level 4 in Fighting
  2684 | D:3      | Gained mutation: Your flesh is cold resistant. (rC+)
                  | [demonic ancestry]
  2684 | D:3      | Reached XP level 4. HP: 35/37 MP: 4/4
  2816 | D:3      | Found a sparkling altar of Nemelex Xobeh.
  3824 | D:4      | Gained mutation: You are partially covered in iridescent
                  | scales. (AC +2) [demonic ancestry]
  3824 | D:4      | Reached XP level 5. HP: 43/43 MP: 5/5
  4175 | D:4      | Noticed an ogre
  4271 | D:4      | Killed an ogre
  4271 | D:4      | Reached skill level 5 in Fighting
  4271 | D:4      | Reached XP level 6. HP: 51/51 MP: 6/6
  4538 | D:4      | Found a staircase to the Ecumenical Temple.
  4552 | Temple   | Entered the Ecumenical Temple
  4697 | Temple   | Became a worshipper of Hepliaklqana the Forgotten
  4697 | Temple   | Reached * piety under Hepliaklqana
  4697 | Temple   | Reached ** piety under Hepliaklqana
  4698 | Temple   | Remembered your ancestor Sunngifu as a battlemage
  4752 | D:4      | Reached skill level 5 in Dodging
  5019 | D:5      | Entered Level 5 of the Dungeon
  5277 | D:5      | Noticed Ijyb
  5298 | D:5      | Killed Ijyb
  5298 | D:5      | Reached skill level 6 in Fighting
  5314 | D:5      | Gained mutation: You are immune to freezing clouds.
                  | [demonic ancestry]
  5314 | D:5      | Reached XP level 7. HP: 37/52 MP: 7/7
  6136 | D:6      | Found a bloodstained altar of Trog.
  6158 | D:6      | Reached skill level 7 in Fighting
  6186 | D:6      | Noticed Eustachio
  6236 | D:6      | Gained mutation: You are dopey. (Int -2) [potion of
                  | mutation]
  6236 | D:6      | Gained mutation: You are somewhat resistant to further
                  | mutation. [potion of mutation]
  6291 | D:6      | Gained mutation: You are mostly covered in iridescent
                  | scales. (AC +4) [demonic ancestry]
  6291 | D:6      | Reached XP level 8. HP: 51/60 MP: 8/8
  6590 | D:6      | Killed Eustachio
  6590 | D:6      | Reached skill level 8 in Fighting
  6651 | D:6      | Found a runed translucent gate.
  6651 | D:6      | Found a runed translucent gate.
  6651 | D:6      | Found a runed translucent gate.
  6652 | D:6      | Noticed aaksess's ghost (novice BaIE)
  6652 | D:6      | Noticed ivs's ghost (novice DEWz)
  7213 | D:7      | Noticed a hippogriff
  7221 | D:7      | Killed a hippogriff
  7227 | D:7      | Found a shimmering altar of Xom.
  7230 | D:7      | Found an ancient bone altar of Kikubaaqudgha.
  7231 | D:7      | Found a deep blue altar of Sif Muna.
  7242 | D:7      | Found a snail-covered altar of Cheibriados.
  7245 | D:7      | Found a basalt altar of Yredelemnul.
  7304 | D:7      | Gained mutation: You are significantly more attuned to the
                  | shadows. [demonic ancestry]
  7304 | D:7      | Reached XP level 9. HP: 66/67 MP: 9/9
  7324 | D:7      | Reached skill level 9 in Fighting
  8222 | D:8      | Reached *** piety under Hepliaklqana
  8222 | D:8      | Noticed Prince Ribbit
  8230 | D:8      | Killed Prince Ribbit
  8512 | D:8      | Noticed a two-headed ogre
  8521 | D:8      | Killed a two-headed ogre
  8521 | D:8      | Reached skill level 10 in Fighting
  8712 | D:8      | Found a staircase to the Lair.
  9166 | D:8      | Reached XP level 10. HP: 73/77 MP: 10/10
  9563 | Lair:1   | Entered Level 1 of the Lair of Beasts
  9579 | Lair:1   | Reached skill level 10 in Dodging
  9598 | Lair:1   | Noticed a spiny frog
  9605 | Lair:1   | Killed a spiny frog
  9605 | Lair:1   | Reached skill level 11 in Fighting
  9668 | Lair:1   | Noticed a spiny frog
  9676 | Lair:1   | Killed a spiny frog
  9840 | Lair:1   | Noticed a spiny frog
  9848 | Lair:1   | Killed a spiny frog
 10262 | Lair:2   | Noticed Sonja
 10703 | Lair:2   | Reached **** piety under Hepliaklqana
 10703 | Lair:2   | Noticed a spiny frog
 10710 | Lair:2   | Killed a spiny frog
 10710 | Lair:2   | Reached skill level 1 in Invocations
 11457 | Lair:2   | Noticed a black mamba
 11465 | Lair:2   | Gained mutation: You have a pair of antennae on your head.
                  | [demonic ancestry]
 11465 | Lair:2   | Reached XP level 11. HP: 43/85 MP: 12/14
 11468 | Lair:2   | Noticed Harold
 11469 | Lair:2   | Reached skill level 12 in Fighting
 11482 | Lair:2   | Killed Harold
 11548 | Lair:2   | Reached skill level 5 in Invocations
 13129 | Lair:2   | Found a staircase to the Swamp.
 13170 | Lair:2   | Slain by a swamp worm

Levels and vault maps discovered:
D:1:      lemuel_arrival_lava_pool, layout_basic
D:2:      layout_loops_ring, first_ration
D:3:      layout_basic, chequers_jeans, nemelex_xobeh_ov_fountains_minmay
D:4:      layout_loops_ring, minmay_temple_entry_trees, feat_on_display
D:5:      layout_basic, uniq_ijyb
D:6:      layout_rooms, lemuel_doored_altar, gammafunk_ghost_cemetery,
          sword_in_stone
D:7:      layout_basic, minmay_overflow_temple_star_hex
D:8:      layout_loops_corners, david_lair_shrubbed, uniq_prince_ribbit1
Temple:   regret_index_temple_sphere_string
Lair:1:   layout_cave_shapes, infiniplex_staircase_pool
Lair:2:   kb_forest_paths, layout_chaotic_city, minmay_swamp_entry_worms,
          uniq_sonja, uniq_harold

Skill      XL: |  1  2  3  4  5  6  7  8  9 10 11 |
---------------+----------------------------------+-----
Dodging        | 3 4 5 6 8 9 11 | 11.6
Fighting       | 4 5 6 7 8 10 11 12 | 12.6
Invocations    | 4 6 |  6.8
Maces & Flails | |  2.6
Stealth        | |  1.7

Action                   |  1- 3 |  4- 6 |  7- 9 | 10-12 || total
-------------------------+-------+-------+-------+-------++-------
Melee: Mace              |   143 |    63 |       |       ||   206
       Trident           |       |   135 |    15 |       ||   150
       Hand axe          |       |       |   175 |       ||   175
       Rapier            |       |       |   136 |   275 ||   411
Throw: Dart              |     1 |     9 |    11 |    13 ||    34
Invok: Ancestor Life: Ba |       |     1 |       |       ||     1
       Recall Ancestor   |       |       |       |     1 ||     1
       Transference      |       |       |       |     1 ||     1
Evoke: Wand              |       |       |       |     3 ||     3
  Use: Scroll            |     8 |       |     3 |     2 ||    13
       Potion            |       |       |     9 |     5 ||    14
 Stab: Sleeping          |    11 |     3 |    15 |     8 ||    37
       Distracted        |     1 |       |     1 |     2 ||     4
       Invisible         |       |       |     2 |       ||     2
  Eat: Chunk             |     6 |     8 |     9 |     7 ||    30
       Ration            |       |       |     1 |     2 ||     3
Armor: Robe              |    23 |    45 |    78 |    55 ||   201
       Skin              |       |       |    26 |    12 ||    38
Dodge: Dodged            |   116 |   211 |   308 |   403 ||  1038

Table legend:
 A = Non-vault XP
 B = Vault XP
 C = Vault XP percentage of total XP
 D = Non-vault monster count
 E = Vault monster count
 F = Vault count percentage of total count
                 A         B        C        D         E       F
            +---------+---------+-------+---------+---------+-------
      Total |   11337 |    5293 |  31.8 |     189 |      23 |  10.8
            +---------+---------+-------+---------+---------+-------
        D:1 |      26 |       0 |   0.0 |      12 |       0 |   0.0
        D:2 |      31 |       0 |   0.0 |      11 |       0 |   0.0
        D:3 |     131 |       0 |   0.0 |      33 |       0 |   0.0
        D:4 |     433 |       0 |   0.0 |      17 |       0 |   0.0
        D:5 |     397 |      38 |   8.7 |      18 |       1 |   5.3
        D:6 |     823 |     575 |  41.1 |      23 |       6 |  20.7
        D:7 |     937 |       0 |   0.0 |      15 |       0 |   0.0
        D:8 |    2054 |     653 |  24.1 |      25 |       2 |   7.4
     Lair:1 |    1578 |       0 |   0.0 |       5 |       0 |   0.0
     Lair:2 |    4927 |    4027 |  45.0 |      30 |      14 |  31.8
            +---------+---------+-------+---------+---------+-------
